[Event "GER-chT Youth Countries 2018"]
[Site "Wurzburg"]
[Date "2018.10.05"]
[Round "5"]
[White "Richter, Leonard"]
[Black "Nothnagel, Marian Can"]
[Result "1/2-1/2"]
[ECO "C41"]
[WhiteElo "2322"]
[BlackElo "2341"]
[Annotator "NA RC"]
[PlyCount "76"]
[EventDate "2018.10.03"]
[EventType "team-tourn"]
[EventCountry "GER"]
[SourceTitle "playchess.com"]
[Source "ChessBase"]
[SourceQuality "1"]
[TimeControl "40/5400+30:1800+30"]

1. e4 e5 2. Nf3 d6 3. d4 exd4 4. Qxd4 Nf6 5. Nc3 Be7 6. Bf4 O-O 7. O-O-O Be6 8. h3 a6 9. Qe3 Nfd7 10. e5 dxe5 11. Nxe5 Qc8 12. Nd5 Bxd5 13. Rxd5 Nxe5 14. Bxe5 Nc6 15. Bc3 Qe6 16. Qxe6 fxe6 17. Rd7 Rf7 $11 18. f4 Rxf4 19. Rxc7 Rf7 20. Kb1 Bf6 21. Rxf7 Kxf7 22. Bxf6 gxf6 23. Bd3 Ne5 24. Be4 Rb8 25. g4 h6 26. Rd1 b6 27. c3 Ke7 28. Kc2 h5 29. gxh5 f5 30. Bd3 Nxd3 31. Rxd3 Rh8 32. c4 Rxh5 33. Rb3 Rh4 34. Rxb6 Rxc4+ 35. Kd3 Rh4 36. Rxa6 Rxh3+ 37. Kd4 Rh4+ 38. Kc5 f4 1/2-1/2

[Event "GER-chT Youth Countries 2018"]
[Site "Wurzburg"]
[Date "2018.10.05"]
[Round "5"]
[White "Ewert, Hannes"]
[Black "Parvanyan, Ashot"]
[Result "1/2-1/2"]
[ECO "A05"]
[WhiteElo "2314"]
[BlackElo "2428"]
[Annotator "NA"]
[PlyCount "42"]
[EventDate "2018.10.03"]
[EventType "team-tourn"]
[EventCountry "GER"]
[SourceTitle "playchess.com"]
[Source "ChessBase"]
[SourceQuality "1"]
[TimeControl "40/5400+30:1800+30"]

1. Nf3 Nf6 2. g3 g6 3. b3 Bg7 4. Bb2 O-O 5. Bg2 d5 6. c4 c6 7. O-O Bf5 8. d3 a5 9. Nbd2 {[%emt 0:04:26] A11: English Opening: 1...c6} (9. a3 Na6 10. Nbd2 b5 11. cxb5 cxb5 12. Rc1 Rc8 13. Rxc8 Qxc8 14. Qa1 Qb7 15. Rc1 Rc8 16. Be5 Bd7 17. Rxc8+ Qxc8 18. Qc3 Qxc3 19. Bxc3 b4 20. axb4 Nxb4 21. Be5 e6 22. Bc7 a4 23. bxa4 {½-½ (23) Akopian,V (2673)-Sargissian,G (2643) Yerevan 2008}) 9... Na6 10. Rc1 Re8 11. Qc2 Qb6 $146 ({Predecessor:} 11... Rc8 12. a3 Nc5 13. Rfd1 Qb6 14. Bd4 Nfd7 15. Bxg7 Kxg7 16. Qc3+ Nf6 {1-0 (54) Nieto Rodriguez,A (2205)-Rengifo Blancas,R (2055) Cali 2015}) 12. Bd4 c5 13. Bxf6 exf6 14. cxd5 Rxe2 15. Nc4 Rxc2 16. Nxb6 Rxc1 17. Rxc1 Rd8 18. d4 Bf8 19. Bf1 cxd4 (19... Nb4 $15 20. dxc5 Nxd5) 20. Bxa6 bxa6 21. Nxd4 Be4 $11 1/2-1/2

[Event "GER-chT Youth Countries 2018"]
[Site "Wurzburg"]
[Date "2018.10.05"]
[Round "5"]
[White "Niermann, Tristan"]
[Black "Riehle, Marco"]
[Result "1-0"]
[ECO "E04"]
[WhiteElo "2307"]
[BlackElo "2265"]
[Annotator "NA RC"]
[PlyCount "67"]
[EventDate "2018.10.03"]
[EventType "team-tourn"]
[EventCountry "GER"]
[SourceTitle "playchess.com"]
[Source "ChessBase"]
[SourceQuality "1"]
[TimeControl "40/5400+30:1800+30"]

1. d4 d5 2. c4 e6 3. Nf3 Nf6 4. g3 dxc4 5. Bg2 Nc6 6. Qa4 Bb4+ 7. Bd2 Nd5 8. Qb5 {[%emt 0:14:45] E04: Open Catalan: 5 Nf3} (8. Bxb4 Ndxb4 9. O-O Rb8 10. Na3 O-O 11. Qb5 b6 12. Qxc4 Ba6 13. Nb5 Qe8 14. Rfc1 Nd5 15. Qxc6 Qxc6 16. Rxc6 Bxb5 17. Rc2 Rfc8 {½-½ (33) So,W (2780)-Caruana,F (2822) Saint Louis 2018}) 8... Bxd2+ 9. Nbxd2 c3 10. bxc3 Nxc3 11. Qd3 Nd5 12. O-O O-O 13. Rfc1 Qe7 14. e4 Nf6 $146 ({Predecessor:} 14... Nb6 15. Qe3 Bd7 16. Nb3 {½-½ (16) Campbell,E (2098)-Moedl,W (2179) ICCF email 2016}) 15. Rab1 Rd8 16. e5 Nd5 17. Ne4 f5 18. exf6 Nxf6 19. Nxf6+ Qxf6 20. Qa3 a5 $14 21. h4 Ra6 22. Bf1 Rb6 23. Rxb6 cxb6 24. Qe3 Bd7 25. Bc4 Rf8 26. Ng5 Nd8 27. Bd3 g6 28. Rc7 Qe7 29. h5 Qd6 30. Qe5 Qxe5 31. dxe5 Nf7 32. Nxh7 Kxh7 33. hxg6+ Kh6 34. Rxd7 1-0

[Event "GER-chT Youth Countries 2018"]
[Site "Wurzburg"]
[Date "2018.10.05"]
[Round "5"]
[White "Neukirchner, Pascal"]
[Black "Urban, Konstantin"]
[Result "0-1"]
[ECO "E81"]
[WhiteElo "2294"]
[BlackElo "2279"]
[Annotator "NA"]
[PlyCount "68"]
[EventDate "2018.10.03"]
[EventType "team-tourn"]
[EventCountry "GER"]
[SourceTitle "playchess.com"]
[Source "ChessBase"]
[SourceQuality "1"]
[TimeControl "40/5400+30:1800+30"]

1. d4 Nf6 2. c4 g6 3. f3 Bg7 4. e4 d6 5. Nc3 O-O 6. Bg5 c5 7. d5 a6 8. Qd2 e6 9. a4 exd5 10. cxd5 Re8 11. Nge2 Nbd7 12. Ng3 Qa5 13. Be2 b5 14. O-O b4 15. Nd1 Qc7 {[%emt 0:00:55] A65: Modern Benoni: 6 e4} (15... c4 16. Bxc4 Qc5+ 17. Ne3 h6 18. Bxf6 Bxf6 19. Rac1 Qd4 20. Rc2 Nb6 21. Bb3 Bd7 22. a5 Na4 23. Bxa4 Bxa4 {½-½ (61) Bartholomew,J (2472)-Patel,A (2478) Saint Louis 2018}) 16. a5 h5 17. Ne3 Nh7 18. Bh4 Ne5 $146 ({Predecessor:} 18... g5 19. Bxg5 Nxg5 {1-0 (47) Faridani,A (2147)-Cuccumini,V (2225) ICCF email 2014}) 19. f4 Ng4 20. Nxg4 Bxg4 21. Bxg4 hxg4 22. f5 c4 23. f6 Bf8 24. Bg5 c3 25. bxc3 bxc3 26. Qf4 Re5 27. Bh6 g5 28. Qxg4 Bxh6 29. Nf5 Bf8 30. h4 $19 Qc4 31. hxg5 Rxe4 32. Qh5 Rg4 33. Ne3 Rh4 34. g6 Qxf1+ 0-1

[Event "GER-chT Youth Countries 2018"]
[Site "Wurzburg"]
[Date "2018.10.05"]
[Round "5"]
[White "Bluhm, Sonja Maria"]
[Black "Nguyen, Alex Dac-Vuong"]
[Result "0-1"]
[ECO "C00"]
[WhiteElo "2281"]
[BlackElo "2240"]
[Annotator "NA RC"]
[PlyCount "94"]
[EventDate "2018.10.03"]
[EventType "team-tourn"]
[EventCountry "GER"]
[SourceTitle "playchess.com"]
[Source "ChessBase"]
[SourceQuality "1"]
[TimeControl "40/5400+30:1800+30"]

1. e4 e6 2. d3 d5 3. Nd2 Nf6 4. g3 dxe4 5. dxe4 b6 6. Bg2 {[%emt 0:02:14] C00: French: Unusual White 2nd moves} (6. Bb5+ c6 7. Be2 e5 8. Ngf3 Bc5 9. c3 Qe7 10. b4 Bd6 11. O-O O-O 12. Qc2 Bc7 13. Nc4 b5 {1-0 (44) Antipov,M (2538)-Bluebaum,M (2580) Khanty-Mansiysk 2015}) 6... Bb7 7. Ne2 Bc5 8. h3 O-O 9. O-O e5 10. b3 $146 ({Predecessor:} 10. g4 h6 11. Ng3 Nc6 12. Nb3 Qxd1 13. Rxd1 Be7 {0-1 (55) Juergens,V (2280)-Stangl,A (2130) Krefeld 1995}) 10... Qe7 11. Bb2 Rd8 12. Qc1 a5 13. a3 Ba6 14. c4 Nc6 15. Nc3 Nd4 16. Re1 c6 17. Na4 Ne8 18. Nxc5 bxc5 19. Bc3 Bb7 20. Rb1 Nc7 21. Nf1 Nce6 22. Ne3 g6 23. Ng4 f6 24. h4 h5 25. Nh2 Kg7 26. Rb2 a4 27. b4 Nb3 28. Qe3 Ned4 29. Bf1 Ba6 30. bxc5 Qe6 31. Bxd4 exd4 32. Qf4 Ra7 33. e5 f5 34. Nf3 d3 35. Rd1 Rad7 36. Ng5 Qxc4 37. Qf3 Bb5 38. Qe3 Re7 39. Nh3 Qxc5 40. Qg5 Qxe5 41. Nf4 Rd6 42. Nxh5+ Kf7 $19 43. Nf4 Qxb2 44. h5 Qf6 45. hxg6+ Kf8 46. Qh6+ Qg7 47. Qg5 Nd4 0-1

[Event "GER-chT Youth Countries 2018"]
[Site "Wurzburg"]
[Date "2018.10.05"]
[Round "5"]
[White "Faerber, David"]
[Black "Pallas, Sebastian"]
[Result "1/2-1/2"]
[ECO "B51"]
[WhiteElo "2279"]
[BlackElo "2278"]
[Annotator "NA RC"]
[PlyCount "79"]
[EventDate "2018.10.03"]
[EventType "team-tourn"]
[EventCountry "GER"]
[SourceTitle "playchess.com"]
[Source "ChessBase"]
[SourceQuality "1"]
[TimeControl "40/5400+30:1800+30"]

1. e4 c5 2. Nf3 d6 3. Bb5+ Nd7 4. O-O a6 5. Bd3 {[%emt 0:00:13] B51: Sicilian: Moscow Variation (3 Bb5+) without 3...Bd7} Ngf6 6. Re1 Qc7 7. c3 b5 8. a4 b4 9. Bc2 Bb7 10. d3 g6 11. Nbd2 bxc3 12. bxc3 Bg7 13. Nf1 $146 O-O 14. Ng3 Rac8 15. Bg5 h6 16. Bd2 a5 17. h4 h5 18. Bg5 Rfe8 19. Qd2 Ng4 20. Nh2 Nxh2 21. Kxh2 Ne5 22. Kg1 Ba6 23. f4 Ng4 24. f5 d5 25. Bf4 Be5 26. Rf1 d4 27. fxg6 fxg6 28. Bb3+ e6 29. cxd4 Bxd4+ 30. Kh1 Qg7 31. Rac1 Kh8 32. Bd1 Rf8 33. Bxg4 hxg4 34. Ne2 Kh7 35. Bg5 Rxf1+ 36. Rxf1 Rf8 37. Rxf8 Qxf8 38. Nxd4 cxd4 39. Qxa5 Bxd3 40. Qa7+ $14 (40. Qc7+ $16 Kg8 41. Qe5) 1/2-1/2

[Event "GER-chT Youth Countries 2018"]
[Site "Wurzburg"]
[Date "2018.10.05"]
[Round "5"]
[White "Roseneck, Jonas"]
[Black "Schmider, Niklas"]
[Result "0-1"]
[ECO "B90"]
[WhiteElo "2262"]
[BlackElo "2190"]
[Annotator "RC"]
[PlyCount "156"]
[EventDate "2018.10.03"]
[EventType "team-tourn"]
[EventCountry "GER"]
[SourceTitle "playchess.com"]
[Source "ChessBase"]
[SourceQuality "1"]
[TimeControl "40/5400+30:1800+30"]

1. e4 c5 2. Nf3 d6 3. d4 cxd4 4. Nxd4 Nf6 5. Nc3 a6 6. f3 Qb6 7. g4 Nc6 8. Nb3 e6 9. Qe2 Nd7 10. Be3 Qc7 11. O-O-O b5 12. f4 Nb6 13. Kb1 Nc4 14. Bc1 Bd7 15. h4 Rc8 16. Rh3 N6a5 17. a3 Be7 18. g5 Qb6 19. Na2 Nb7 20. Nd4 Bd8 21. Rg3 Qa7 22. h5 Bb6 23. c3 g6 24. Qh2 e5 25. Nc2 Nc5 26. hxg6 fxg6 27. Bxc4 bxc4 28. fxe5 Nxe4 29. Rg2 O-O 30. Nab4 dxe5 31. Qxe5 Bf5 32. Qd5+ Qf7 33. Nxa6 Nf2 34. Qxf7+ Rxf7 35. Rd6 Ba7 36. Nab4 Bh3 37. Rg1 Ne4 38. Rgd1 Nxd6 39. Rxd6 Rf1 40. Nc6 Rc7 41. Nxa7 Rxa7 42. Ne3 Rg1 43. Kc2 Rxg5 44. Nxc4 Rg2+ 45. Kb3 Bf5 46. Be3 Rd7 47. Rb6 h5 48. Rb8+ Kh7 49. Ne5 Be6+ 50. Ka4 Rc7 51. Bd4 g5 52. Nf3 h4 53. Rh8+ Kg6 54. Rxh4 Rxb2 55. Rh8 Kf5 56. Rf8+ Kg4 57. Ne5+ Kh3 58. Rh8+ Kg3 59. Nd3 Bd7+ 60. Ka5 Rb5+ 61. Ka6 Rc4 62. Nb4 Rf5 63. Nc2 Rc6+ 64. Kb7 Rb5+ 65. Ka7 Bg4 66. Ne3 Be2 67. a4 Rc7+ 68. Ka6 Rb8+ 69. Ka5 Rxh8 70. Bxh8 Ra7+ 71. Kb4 Kf3 72. Nf5 Rb7+ 73. Kc5 Bf1 74. Nd4+ Ke4 75. Nc6 g4 76. Be5 Rh7 77. a5 Rh5 78. Kd6 Rh6+ 0-1

[Event "GER-chT Youth Countries 2018"]
[Site "Wurzburg"]
[Date "2018.10.05"]
[Round "5"]
[White "Karsay, Pascal"]
[Black "Walter, Kevin"]
[Result "1-0"]
[ECO "A04"]
[WhiteElo "2261"]
[BlackElo "2190"]
[Annotator "NA RC"]
[PlyCount "53"]
[EventDate "2018.10.03"]
[EventType "team-tourn"]
[EventCountry "GER"]
[SourceTitle "playchess.com"]
[Source "ChessBase"]
[SourceQuality "1"]
[TimeControl "40/5400+30:1800+30"]

1. Nf3 c5 2. g3 Nc6 3. Bg2 e5 4. O-O g6 5. e4 Bg7 6. d3 Nge7 7. c3 O-O 8. a3 d5 9. b4 cxb4 10. axb4 b5 11. Nbd2 a5 12. bxa5 Rxa5 13. Ba3 $14 Re8 14. Qb3 dxe4 15. Ng5 Qd5 16. Qxd5 Nxd5 17. Ndxe4 Rd8 18. Nd6 Rxa3 19. Ngxf7 Rxa1 20. Rxa1 Rxd6 21. Nxd6 Be6 22. Ra6 Nce7 23. Nxb5 Bf5 24. c4 Bxd3 25. cxd5 Bxb5 26. Rb6 Bd7 27. Rb7 1-0

[Event "GER-chT Youth Countries 2018"]
[Site "Wurzburg"]
[Date "2018.10.05"]
[Round "5"]
[White "Sieber, Fiona"]
[Black "Gschnitzer, Adrian"]
[Result "0-1"]
[ECO "B39"]
[WhiteElo "2246"]
[BlackElo "2363"]
[Annotator "NA"]
[PlyCount "82"]
[EventDate "2018.10.03"]
[EventType "team-tourn"]
[EventCountry "GER"]
[SourceTitle "playchess.com"]
[Source "ChessBase"]
[SourceQuality "1"]
[TimeControl "40/5400+30:1800+30"]

1. e4 c5 2. Nf3 Nc6 3. d4 cxd4 4. Nxd4 g6 5. c4 Bg7 6. Be3 Nf6 7. Nc3 Ng4 8. Qxg4 Nxd4 9. Qd1 Ne6 10. Rc1 Qa5 11. Be2 b6 12. O-O Bb7 13. f3 g5 14. Rf2 {[%emt 0:02:12] B39: Sicilian: Maroczy Bind with 5...Bg7 and 7...Ng4} (14. a3 Qe5 15. Qd2 h5 16. Rfd1 d6 17. b4 Rg8 18. Kh1 h4 19. c5 h3 20. gxh3 Rh8 21. cxd6 exd6 {1-0 (47) Parligras,M (2580)-Mosadeghpour,M (2337) Al Ain 2014}) 14... h5 15. Bf1 Qe5 16. Rd2 d6 17. Qa4+ Kf8 {[%emt 0:00:12] [#]} 18. Nd5 $1 Nc5 19. Qa3 Ne6 20. b4 Bh6 $146 ({Predecessor:} 20... Rh6 21. Qa4 Bf6 {1-0 (38) Kasperek,R (2284)-Gromov,S (2135) ICCF email 2004}) 21. Rcd1 g4 22. f4 Nxf4 23. Bd4 Qxe4 24. Bxh8 Bxd5 $14 25. cxd5 Nh3+ 26. Kh1 Bxd2 27. Rxd2 Qe1 28. Qd3 Nf4 29. Qc4 Qxd2 30. Bc3 Qf2 31. Bd4 b5 32. Bxf2 bxc4 33. Bxc4 Rc8 34. Bb5 Rc1+ 35. Bg1 Nxd5 36. g3 Nxb4 37. a3 Nc2 38. Kg2 Ne1+ 39. Kf2 Nf3 40. Bf1 Nxg1 41. Kxg1 Rxf1+ 0-1

[Event "GER-chT Youth Countries 2018"]
[Site "Wurzburg"]
[Date "2018.10.05"]
[Round "5"]
[White "Muetsch, Annmarie"]
[Black "Hartge, Gedeon"]
[Result "1/2-1/2"]
[ECO "B41"]
[WhiteElo "2206"]
[BlackElo "2214"]
[Annotator "NA RC"]
[PlyCount "83"]
[EventDate "2018.10.03"]
[EventType "team-tourn"]
[EventCountry "GER"]
[SourceTitle "playchess.com"]
[Source "ChessBase"]
[SourceQuality "1"]
[TimeControl "40/5400+30:1800+30"]

1. e4 c5 2. Nf3 e6 3. d4 cxd4 4. Nxd4 a6 5. c4 Nf6 6. Nc3 Qc7 7. a3 b6 8. Be3 Bb7 {[%emt 0:00:32] B41: Sicilian: Kan Variation: 5 c4} 9. f3 Nc6 10. Be2 (10. Rc1 Bc5 11. Qd2 O-O 12. Be2 Rac8 13. b4 Bxd4 14. Bxd4 Nxd4 15. Qxd4 {1-0 (33) Ponomariov,R (2694)-Fedorchuk,S (2648) Riadh 2017}) 10... Nxd4 11. Qxd4 Bc5 12. Qd2 Bxe3 13. Qxe3 d6 14. O-O Qc5 15. Qxc5 bxc5 $146 ({Predecessor:} 15... dxc5) 16. b4 Ke7 17. Rfd1 Rhb8 18. Rab1 Bc6 19. Rd2 Be8 20. Rdb2 cxb4 21. axb4 g5 22. Ra2 $11 Nd7 23. Ra5 h6 24. Kf2 Ne5 25. c5 Nc6 26. cxd6+ Kxd6 27. Ra4 Ke5 28. Ke3 Ra7 29. g3 Rab7 30. f4+ Kf6 31. e5+ Kg7 32. Bxa6 Rxb4 33. Raxb4 Nxb4 34. Bd3 Nc6 35. Rxb8 Nxb8 36. Ne4 gxf4+ 37. Kxf4 Ba4 38. Nf6 Nd7 39. Nxd7 Bxd7 40. g4 f6 41. h4 Ba4 42. exf6+ 1/2-1/2

[Event "GER-chT Youth Countries 2018"]
[Site "Wurzburg"]
[Date "2018.10.05"]
[Round "5"]
[White "Leeb, Simon"]
[Black "Herbrig, Alexander"]
[Result "0-1"]
[ECO "E12"]
[WhiteElo "2203"]
[BlackElo "2277"]
[Annotator "NA RC"]
[PlyCount "76"]
[EventDate "2018.10.03"]
[EventType "team-tourn"]
[EventCountry "GER"]
[SourceTitle "playchess.com"]
[Source "ChessBase"]
[SourceQuality "1"]
[TimeControl "40/5400+30:1800+30"]

1. d4 Nf6 2. Nf3 e6 3. c4 b6 4. a3 Bb7 5. Nc3 d5 6. Bg5 h6 7. Bh4 Nbd7 8. cxd5 exd5 9. Qc2 Be7 10. Bg3 a6 11. e3 O-O 12. Be2 Rc8 13. Rd1 $11 c5 14. Qf5 cxd4 15. Nxd4 Bxa3 16. Qb1 Bb4 17. O-O Bxc3 18. bxc3 Ne4 19. Qa1 Nxc3 20. Bg4 Nxd1 21. Rxd1 Rc4 22. e4 Nc5 23. Nf5 d4 24. Be5 Bxe4 25. Bxd4 Bxf5 26. Bxc5 Bxg4 27. Rxd8 Rxd8 28. f3 Rxc5 29. fxg4 a5 30. h4 Rc4 31. Qe5 Rxg4 32. Qc7 Rgd4 33. Qxb6 a4 34. Qa5 R8d6 35. g3 g6 36. h5 g5 37. Kg2 g4 38. Qe5 Rd2+ 0-1

[Event "GER-chT Youth Countries 2018"]
[Site "Wurzburg"]
[Date "2018.10.05"]
[Round "5"]
[White "Nguyen, Huy Dat"]
[Black "Oberhofer, Cedric"]
[Result "1/2-1/2"]
[ECO "B51"]
[WhiteElo "2194"]
[BlackElo "2213"]
[Annotator "NA RC"]
[PlyCount "54"]
[EventDate "2018.10.03"]
[EventType "team-tourn"]
[EventCountry "GER"]
[SourceTitle "playchess.com"]
[Source "ChessBase"]
[SourceQuality "1"]
[TimeControl "40/5400+30:1800+30"]

1. e4 c5 2. Nf3 d6 3. Bb5+ Nd7 4. O-O a6 5. Be2 Ngf6 6. d3 e6 7. c4 b6 8. Nc3 Bb7 9. Re1 Be7 10. Bf1 O-O 11. b3 Qc7 12. Bb2 Rad8 13. Qc2 Rfe8 14. Rad1 Bf8 15. Ne2 $11 g6 16. Ng3 Bg7 17. h3 Ne5 18. Nxe5 dxe5 19. Qc1 Nd7 20. Be2 Nb8 21. Nf1 Nc6 22. Nh2 f5 23. Nf3 Nd4 24. Nxd4 exd4 25. Bf3 Be5 26. Qg5 Qg7 27. Bc1 Bf6 1/2-1/2

[Event "GER-chT Youth Countries 2018"]
[Site "Wurzburg"]
[Date "2018.10.05"]
[Round "5"]
[White "Wong, Gengchun"]
[Black "Krastev, Alexander"]
[Result "0-1"]
[ECO "B35"]
[WhiteElo "2194"]
[BlackElo "2298"]
[Annotator "NA RC"]
[PlyCount "56"]
[EventDate "2018.10.03"]
[EventType "team-tourn"]
[EventCountry "GER"]
[SourceTitle "playchess.com"]
[Source "ChessBase"]
[SourceQuality "1"]
[TimeControl "40/5400+30:1800+30"]

1. Nf3 c5 2. e4 g6 3. d4 cxd4 4. Nxd4 Bg7 5. Nc3 Nc6 6. Be3 Nf6 7. Bc4 O-O 8. Bb3 Re8 9. O-O d6 10. h3 Na5 11. Re1 Nxb3 12. axb3 b6 13. f4 Bb7 14. Qd3 a6 15. Nf3 b5 16. Ra2 $17 (16. f5 $15) 16... Rc8 17. Nd5 Nxd5 18. exd5 Qd7 19. c3 e6 20. dxe6 Rxe6 21. Ng5 Re7 22. Bf2 Rxe1+ 23. Bxe1 h6 24. Nf3 Qe6 25. Qd1 Qe3+ 26. Kh2 Re8 27. Bg3 Qe2 28. Qxe2 Rxe2 0-1

[Event "GER-chT Youth Countries 2018"]
[Site "Wurzburg"]
[Date "2018.10.05"]
[Round "5"]
[White "Kopylov, Daniel"]
[Black "Schulze, Lara"]
[Result "1/2-1/2"]
[ECO "C07"]
[WhiteElo "2192"]
[BlackElo "2122"]
[Annotator "NA RC"]
[PlyCount "65"]
[EventDate "2018.10.03"]
[EventType "team-tourn"]
[EventCountry "GER"]
[SourceTitle "playchess.com"]
[Source "ChessBase"]
[SourceQuality "1"]
[TimeControl "40/5400+30:1800+30"]

1. e4 e6 2. d4 d5 3. Nd2 c5 4. exd5 Qxd5 5. Ngf3 cxd4 6. Bc4 Qd6 7. O-O Nf6 8. Nb3 Nc6 9. Nbxd4 Nxd4 10. Nxd4 a6 11. Re1 Qc7 12. Qe2 h6 13. g3 Bc5 14. Bf4 Qb6 15. c3 $11 Bxd4 16. cxd4 O-O 17. Be5 Bd7 18. Bxf6 gxf6 19. Qg4+ Kh7 20. d5 Rae8 21. Rad1 f5 22. Qf4 Qxb2 23. dxe6 Bxe6 24. Bxe6 fxe6 25. Rd7+ Kg6 26. h4 Qf6 27. Re5 Rf7 28. Rd6 Kh7 29. Qe3 Rfe7 30. Qd4 Qf7 31. Qe3 Qf6 32. Qd4 Qf7 33. Qe3 1/2-1/2

[Event "GER-chT Youth Countries 2018"]
[Site "Wurzburg"]
[Date "2018.10.05"]
[Round "5"]
[White "Goldbeck, Lars"]
[Black "Philipp, Mathias"]
[Result "1-0"]
[ECO "D07"]
[WhiteElo "2184"]
[BlackElo "2076"]
[Annotator "NA"]
[PlyCount "41"]
[EventDate "2018.10.03"]
[EventType "team-tourn"]
[EventCountry "GER"]
[SourceTitle "playchess.com"]
[Source "ChessBase"]
[SourceQuality "1"]
[TimeControl "40/5400+30:1800+30"]

1. d4 d5 2. c4 Nc6 3. Nf3 Bg4 4. Nc3 dxc4 5. d5 Na5 6. Ne5 Bd7 7. b4 cxb3 8. axb3 b6 9. Nxd7 Qxd7 10. e4 c6 11. b4 Nb7 12. Qa4 Nd8 13. dxc6 Nxc6 14. Bb5 Rc8 15. O-O $18 e6 16. Bf4 Bxb4 17. Rad1 Qb7 18. Qxb4 Nge7 19. Qa4 a5 20. Bd6 O-O 21. Bxc6 1-0

[Event "GER-chT Youth Countries 2018"]
[Site "Wurzburg"]
[Date "2018.10.05"]
[Round "5"]
[White "Garbuz, Vitaliy"]
[Black "Doll, Alexander"]
[Result "1-0"]
[ECO "C55"]
[WhiteElo "2182"]
[BlackElo "2122"]
[Annotator "NA RC"]
[PlyCount "131"]
[EventDate "2018.10.03"]
[EventType "team-tourn"]
[EventCountry "GER"]
[SourceTitle "playchess.com"]
[Source "ChessBase"]
[SourceQuality "1"]
[TimeControl "40/5400+30:1800+30"]

1. e4 e5 2. Nf3 Nc6 3. d4 exd4 4. Bc4 Nf6 5. e5 d5 6. Bb5 Nd7 7. O-O Be7 8. Bxc6 bxc6 9. Nxd4 {[%emt 0:00:19] C56: Two Knights: 4 d4 exd4 5 0-0 Nxe4} Nb8 10. Nc3 O-O 11. Qf3 f6 12. e6 Bc5 13. Nb3 $146 ({Predecessor:} 13. Nce2 Re8 14. Qg4 h5 15. Qxh5 Bxe6 16. Nxe6 Rxe6 {1-0 (33) Rodriguez Landa,M (2499)-Domancich,E (2428) ICCF email 2009}) 13... Bd6 14. Re1 Re8 15. Nd4 Be5 $2 (15... Bc5 $11 {und Schwarz muss sich keine Sorgen machen.} 16. Qh5 Re7) 16. Rxe5 fxe5 17. Qf7+ Kh8 18. Bg5 Bxe6 19. Nxe6 Qd7 20. Qxd7 Nxd7 21. Nxc7 Nc5 22. Nxa8 Rxa8 23. Be7 Ne6 24. Re1 Re8 25. Bd6 e4 26. Be5 Nc5 27. Bd4 Ne6 28. Bxa7 Ra8 29. Nxe4 Rxa7 30. Nc5 Nf8 31. a4 Kg8 32. Re8 Kf7 33. Rc8 Ne6 34. Nxe6 Kxe6 35. Rxc6+ Kd7 36. Rc3 Rxa4 37. Ra3 Rd4 38. Rd3 Rb4 39. b3 Ke6 40. Re3+ Kf6 41. Rf3+ Ke6 42. g3 Rb7 43. h4 Rc7 44. Re3+ Kf5 45. Re2 Rc3 46. Kf1 d4 47. Rd2 d3 48. Rxd3 Rxc2 49. Rd7 Kf6 50. b4 Rb2 51. Rb7 h6 52. b5 g5 53. hxg5+ hxg5 54. b6 Kf5 55. Rb8 Kg4 56. Ke1 Kf3 57. Rf8+ Kg2 $2 {[%emt 0:00:45] [#]} (57... Ke4 58. Rg8 Rb5) 58. Rf6 $1 g4 $18 59. Kd1 Rb5 60. Kc2 Rb4 61. Kd3 Kg1 62. Kc3 Rxb6 63. Rxb6 Kxf2 64. Kd4 Kxg3 65. Ke3 Kh2 66. Rg6 1-0

[Event "GER-chT Youth Countries 2018"]
[Site "Wurzburg"]
[Date "2018.10.05"]
[Round "5"]
[White "Schneider, Jana"]
[Black "Kuznecovs, Nikita"]
[Result "0-1"]
[ECO "C03"]
[WhiteElo "2174"]
[BlackElo "2226"]
[Annotator "NA"]
[PlyCount "94"]
[EventDate "2018.10.03"]
[EventType "team-tourn"]
[EventCountry "GER"]
[SourceTitle "playchess.com"]
[Source "ChessBase"]
[SourceQuality "1"]
[TimeControl "40/5400+30:1800+30"]

1. e4 e6 2. d4 d5 3. Nd2 Be7 4. e5 c5 5. c3 cxd4 6. cxd4 Qb6 7. Ngf3 Nc6 8. Nb3 a5 9. Be3 a4 10. Nbd2 Qxb2 11. Bd3 Qc3 12. Bb5 Nh6 13. O-O $17 ({Besser ist} 13. Bxh6 $15 gxh6 14. O-O) 13... Nf5 14. Re1 Nxe3 15. Rxe3 Qa5 16. Bxc6+ bxc6 17. Rc1 Bd7 18. Rec3 Bb4 19. R3c2 Ba3 20. Rb1 O-O 21. Ng5 h6 22. Nh3 c5 23. Qg4 cxd4 24. Nf4 Rfb8 25. Rd1 Bf8 26. Nf1 d3 27. Rxd3 Rb1 28. Rd1 Rxd1 29. Qxd1 Rc8 30. Rb2 a3 31. Rb1 Qa4 32. Qf3 Qc2 33. Rb7 Rc7 34. Rb8 Bc8 35. Nh5 Qf5 36. Qxf5 exf5 37. Nf4 d4 38. g3 Be6 39. Nxe6 fxe6 40. Rd8 Rc2 41. Rxd4 Rxa2 42. Ra4 Bc5 43. Ne3 Rb2 44. Nc4 Rxf2 45. Ra8+ Kh7 46. Na5 Rf4+ 47. Kg2 Ra4 0-1

[Event "GER-chT Youth Countries 2018"]
[Site "Wurzburg"]
[Date "2018.10.05"]
[Round "5"]
[White "Knuedel, Torben"]
[Black "Svane, Frederik"]
[Result "1/2-1/2"]
[ECO "B42"]
[WhiteElo "2135"]
[BlackElo "2287"]
[Annotator "NA RC"]
[PlyCount "83"]
[EventDate "2018.10.03"]
[EventType "team-tourn"]
[EventCountry "GER"]
[SourceTitle "playchess.com"]
[Source "ChessBase"]
[SourceQuality "1"]
[TimeControl "40/5400+30:1800+30"]

1. e4 {[%emt 0:00:00] Chuchelov,V} c5 2. Nf3 e6 3. d4 cxd4 4. Nxd4 a6 5. Bd3 Nf6 6. O-O Qc7 7. Qe2 d6 8. f4 g6 9. f5 {[%emt 0:04:42] B42: Sicilian: Kan Variation: 5 Bd3} (9. Nc3 Bg7 10. e5 dxe5 11. Ndb5 axb5 12. Nxb5 Qe7 13. fxe5 O-O 14. exf6 Bxf6 15. c3 Bg7 16. Bc4 Kh8 {½-½ (60) Lampert,J (2546)-Gordievsky,D (2638) Biel 2018}) 9... Bg7 10. fxe6 fxe6 11. Be3 O-O 12. Nc3 $146 ({Predecessor:} 12. Nd2 Bd7 13. Bc4 d5 14. Bb3 Nc6 15. Nxc6 Bxc6 16. exd5 exd5 {½-½ (30) Fleck,J (2396)-Chuchelov,V (2535) Germany 2000 CBM 079 [Chuchelov,V]}) 12... Nc6 13. Bc4 Nxd4 14. Bxd4 Ne8 15. Rxf8+ Kxf8 16. Qf2+ Kg8 17. Nd5 Bxd4 18. Qxd4 Qg7 19. Qxg7+ Kxg7 20. Nb6 Rb8 21. Rd1 Kf6 22. Bb3 Ke7 23. Ba4 Nf6 24. Rd4 Nd7 25. Bxd7 Bxd7 26. Kf2 Bc6 27. Ke3 Rf8 28. c4 e5 29. Rd2 Ke6 30. Nd5 Rf1 31. Rf2 Rxf2 32. Kxf2 b5 33. b3 bxc4 34. bxc4 Bxd5 35. cxd5+ Kd7 36. a4 a5 37. Ke3 Kc7 38. Kd3 Kb6 39. Kc4 Ka6 40. Kd3 Kb7 41. Kc3 Kc7 $11 42. Kd3 1/2-1/2